 Dungeon Crawl Stone Soup version 0.28-a0-178-ga708605c5b (webtiles) character file.

Game seed: 13506866129349730442

105 omnomnOMINOUS the Conjurer (level 4, -6/24 HPs)
             Began as an Octopode Hedge Wizard on Aug 17, 2021.
             Was a Believer of Hepliaklqana.
             Killed by divine providence
             ... invoked by an orc priest
              (15 damage)
             ... on level 3 of the Dungeon.
             The game lasted 00:07:23 (2178 turns).

omnomnOMINOUS the Conjurer (Octopode Hedge Wizard)  Turns: 2178, Time: 00:07:23

Health: -6/24      AC:  1    Str:  9    XL:     4   Next: 83%
Magic:  2/8        EV: 13    Int: 17    God:    Hepliaklqana [**....]
Gold:   94         SH:  0    Dex: 11    Spells: 6/9 levels left

rFire   . . .      SeeInvis .   a - +2 dagger (venom)
rCold   . . .      Faith    .   (no shield)
rNeg    . . .      Spirit   .   b - +0 hat
rPois   .          Reflect  .   (no amulet)
rElec   .          Harm     .   (no ring)
rCorr   .          Rampage  .   (no ring)
Will    .....                   (no ring)
Stlth   +++.......              (no ring)
HPRegen 0.08/turn               (no ring)
MPRegen 0.11/turn               (no ring)
                                (no ring)
                                (no ring)

@: no status effects
A: reduced essence, almost no armour, amphibious, 8 rings, camouflage 1,
gelatinous body 1, (nimble swimmer 1), tentacles
a: Renounce Religion, Recall Ancestor, Ancestor Identity


You were on level 3 of the Dungeon.
You worshipped Hepliaklqana.
Hepliaklqana was pleased with you.
You visited 1 branch of the dungeon, and saw 3 of its levels.

You collected 94 gold pieces.

Inventory:

Hand Weapons
 a - a +2 dagger of venom (weapon)
Armour
 b - a +0 hat (worn)
Scrolls
 c - 2 scrolls of enchant armour {unknown}
 d - 3 scrolls of identify {unknown}
 e - a scroll of immolation {unknown}
 g - 2 scrolls of teleportation {unknown}
 h - a scroll of vulnerability {unknown}
Potions
 f - a potion of haste {unknown}
 i - a potion of degeneration {unknown}
 j - 2 potions of curing {unknown}


   Skills:
 + Level 0.5 Fighting
 + Level 2.2 Dodging
 - Level 2.6 Stealth
 - Level 3.0 Spellcasting
 * Level 4.2 Conjurations
 - Level 1.0 Summonings
 - Level 1.0 Translocations


You had 6 spell levels left.
You knew the following spells:

 Your Spells              Type           Power      Damage    Failure   Level
a - Magic Dart            Conj           68%        1d6       3%          1
b - Blink                 Tloc           N/A        N/A       17%         2

Your spell library contained the following spells:

 Spells                   Type           Power      Damage    Failure   Level
 Call Imp                 Summ           5%         N/A       17%         2
 Conjure Flame            Conj/Fire      9%         6-21      22%         3
 Slow                     Hex            2%         N/A       26%         2
 Mephitic Cloud           Conj/Pois/Air  7%         N/A       30%         3


Dungeon Overview and Level Annotations

Branches:
Dungeon (3/15)

Altars:
Hepliaklqana
Wu Jian


Innate Abilities, Weirdness & Mutations

Your life essence is reduced to manifest your ancestor. (-10% HP)
You cannot wear most types of armour.
You are amphibious.
You can wear up to eight rings at the same time.
Your skin changes colour to match your surroundings (Stealth+).
Your rubbery body absorbs attacks. (AC +1, EV +1)
((You are camouflaged near water. (Stealth+)))
You have tentacles for arms and can constrict up to eight enemies at once.


Message History

Confirm with . or Enter, or press ? or * to list all spells.
Aiming: Magic Dart (safe; 3% risk of failure)
Press: ? - help, Shift-Dir - straight line, f - orc
Aim: an orc, wielding a +0 club (severely wounded, 100% to hit)
The magic dart hits the orc.
The orc is almost dead.
Omcestor hits the orc with a +0 quarterstaff!
The orc dies!
An orc and an orc priest come into view.
The orc priest shouts!
The orc shouts!
The orc priest mumbles some strange prayers to Beogh against you.
Beogh smites you!
Ouch! That really hurt!
* * * LOW HITPOINT WARNING * * *
An orc priest comes into view. It is wielding a +0 short sword.
What are your orders? t - Shout!
Orders for allies: a - Attack new target. r - Retreat! s - Stop attacking. g - Guard the area. f - Follow me.
Anything else - Cancel.
Gang up on whom?
Press: ? - help, Dir - move target, f - orc priest
Aim: an orc priest, wielding a +0 short sword and wearing a +0 leather armour Attack!
Unknown command.
Omcestor points at the orc priest and mumbles some strange words.
The puff of frost hits the orc!
The orc dies!
The orc priest looks satisfied for a moment.
There is an open door here.
There is an open door here.
Omcestor casts a spell at the orc priest.
The puff of frost hits the orc priest.
The orc priest hits omcestor with a +0 short sword.
Omcestor hits the orc priest with a +0 quarterstaff!
The orc priest mumbles some strange prayers to Beogh against you.
Beogh smites you!
Ouch! That really hurt!
You die...

###.#....# .....###.# ##.....#.#
############# ###.##.#.#
#...........## .......#†#
#............# ###.####.#
#............# #.####.#
#............# .
###......##########'###o#######..
...#####>.......@.....Ro......o).
.............................##..
.....##...#..######.#####..#.# .
.....#..............# #...#..#
........#.....####### #####....
.....#<.......# ##.###
###..........## .# .....#.<####.#
.# .....#..####.# .#


You could see the friendly omcestor the battlemage and 2 orc priests.

Vanquished Creatures
  An adder (D:2)
  A white imp (D:3)
  A worm (D:3)
  4 ball pythons
  3 endoplasms
  A giant cockroach (D:2)
  3 goblins
  2 hobgoblins
  2 jackals (D:2)
  4 kobolds
  2 quokkas
  6 bats
  2 frilled lizards
  5 rats
37 creatures vanquished.

Vanquished Creatures (collateral kills)
  An orc wizard (D:3)
  2 worms
  A dart slug (D:1)
  2 orcs (D:3)
  A ball python (D:3)
  An endoplasm (D:2)
  A goblin (D:1)
  A hobgoblin (D:1)
  A jackal (D:2)
  A quokka (D:2)
  A frilled lizard (D:1)
  A kobold (D:2)
14 creatures vanquished.

Grand Total: 51 creatures vanquished

Notes
Turn   | Place    | Note
-------+----------+-------------------------------------------
     0 | D:1      | omnomnOMINOUS the Octopode Hedge Wizard began the quest for
                  | the Orb.
     0 | D:1      | Reached XP level 1. HP: 11/11 MP: 4/4
    95 | D:1      | Found a faded altar of an unknown god.
   106 | D:1      | Became a worshipper of Hepliaklqana the Forgotten
   106 | D:1      | Reached * piety under Hepliaklqana
   315 | D:1      | Reached skill level 2 in Conjurations
   315 | D:1      | Reached XP level 2. HP: 15/15 MP: 0/6
  1078 | D:1      | Reached XP level 3. HP: 18/18 MP: 7/7
  1107 | D:2      | Reached skill level 3 in Conjurations
  1760 | D:2      | Found an ornate altar of the Wu Jian Council.
  1811 | D:2      | Reached XP level 4. HP: 22/24 MP: 8/8
  1990 | D:3      | Reached ** piety under Hepliaklqana
  1992 | D:3      | Remembered your ancestor omcestor as a battlemage
  2000 | D:3      | Reached skill level 4 in Conjurations
  2003 | D:3      | Learned a level 2 spell: Blink
  2178 | D:3      | Killed from afar by an orc priest

Illustrated notes

Levels and vault maps discovered:
D:1:      ncdulo_smallfort, layout_basic, dreamdust_ecumenical_altar_statues,
          skrybe_limestone_x
D:2:      layout_rooms, basic_altar
D:3:      kennysheep_slugbush, layout_basic

Skill      XL: |  1  2  3  4 |
---------------+-------------+-----
Conjurations   | 2 3 4 |  4.2
Fighting       | |  0.5
Dodging        | |  2.2
Stealth        | |  2.6
Spellcasting   | |  3.0
Summonings     | |  1.0
Translocations | |  1.0

Action                   |  1- 3 |  4- 6 || total
-------------------------+-------+-------++-------
Melee: Dagger            |    46 |    10 ||    56
       Constrict         |    12 |     5 ||    17
       Tentacles         |     7 |     4 ||    11
 Cast: Magic Dart        |    25 |    11 ||    36
Invok: Ancestor Identity |     1 |       ||     1
       Ancestor Life: Ba |       |     1 ||     1
 Stab: Sleeping          |     8 |       ||     8
Armor: Skin              |     4 |       ||     4
Dodge: Dodged            |    22 |     4 ||    26

Table legend: (Time is in decaauts)
 A = Elapsed time spent in this place.
 B = Non-inter-level travel time spent in this place.
 C = Inter-level travel time spent in this place.
 D = Time resting spent in this place.
 E = Time spent auto-exploring this place.
 F = Levels seen in this place.
 G = Mean time per level.
                   A        B        C        D        E       F      G
               +--------+--------+--------+--------+--------+-----+--------+
         Total |   2176 |   2152 |     24 |    847 |    989 |   3 |  725.3 |
       Dungeon |   2176 |   2152 |     24 |    847 |    989 |   3 |  725.3 |
               +--------+--------+--------+--------+--------+-----+--------+

Top non-repeatable levels by time:
     D:1: 1101 daAuts
     D:2: 863 daAuts
     D:3: 211 daAuts
